 Dungeon Crawl Stone Soup version 0.26-a0-1040-gbe3abf3417 (webtiles) character file.

Game seed: 12023520637634897385

2 Dracia the Sneak (level 1, -5/10 HPs)
             Began as a Felid Delver on Dec 12, 2020.
             Slain by a worker ant (7 damage)
             ... on level 4 of the Dungeon.
             The game lasted 00:00:15 (53 turns).

Dracia the Sneak (Felid Delver)                       Turns: 53, Time: 00:00:16

Health: -5/10      AC:  1    Str:  8    XL:     1   Next: 25%
Magic:  2/2        EV: 18    Int: 11    God:
Gold:   0          SH:  0    Dex: 17    Spells: 0/0 levels left
                                        Lives:  0   Deaths: 0

rFire    . . .     SeeInvis +     - Unarmed
rCold    . . .     Faith    .   (shield unavailable)
rNeg     . . .     Spirit   .   (armour unavailable)
rPois    .         Reflect  .   (helmet unavailable)
rElec    .         Harm     .   (cloak unavailable)
rCorr    .         Rampage  .   (gloves unavailable)
Will     .....                  (boots unavailable)
Stlth    ++++......             (no amulet)
HPRegen  0.03/turn              (no ring)
MPRegen  0.08/turn              (no ring)

@: quick
A: very small, no armour, no weapons or thrown items, stealth, claws 1, fangs 3,
see invisible, speed 1, shaggy fur 1, sharp paws
a: no special abilities


You were on level 4 of the Dungeon.
You visited 1 branch of the dungeon, and saw 2 of its levels.


Innate Abilities, Weirdness & Mutations

You cannot wear armour.
You are incapable of wielding weapons or throwing items.
Your paws allow you to move quietly. (Stealth)
You have sharp claws.
You have razor-sharp teeth.
You have supernaturally acute eyesight. (SInv)
You cover ground quickly.
You are covered in fur. (AC +1)
Your sharp claws are effective at attacking unaware monsters.


   Skills:
 - Level 3.0 Fighting
 - Level 2.6 Dodging
 + Level 6.6 Stealth
 + Level 2.1 Unarmed Combat


You couldn't memorise any spells.
You didn't know any spells.
Your spell library was empty.

Inventory:

Wands
 e - a wand of digging (3)
Scrolls
 a - a scroll of fog
 b - a scroll of magic mapping
 c - a scroll of fear
 f - a scroll of identify {unknown}
Potions
 d - a potion of haste {@q3@q3}

Dungeon Overview and Level Annotations

Branches:
Dungeon (5/15)
 Temple: D:4-7

Altars:

.#####......# #.....#
...........[# #....##
..........#.###....#
.......#......'....#####
.......#....###........#
...(........# #........#
............# #........#
>...........# #.########
...#......... #.@B......
........................
....####................
................#...####
..<.......#+#...+...+
....#####. #..##...#
###..... ... .... ##.##
.##. .##.# .#


You could see a worker ant.


Message History

5 boomerangs; an orc corpse
Found a robe.
f - a scroll labelled URAXIUD PUSAA You open the door.
There is an open door here.
A worker ant comes into view.
A worker ant is nearby!
The worker ant bites you.
Ouch! That really hurt!
* * * LOW HITPOINT WARNING * * *
You scratch the worker ant but do no damage.
The worker ant closely misses you.
You scratch the worker ant but do no damage.
The worker ant closely misses you.
You scratch the worker ant.
The worker ant is lightly wounded.
The worker ant closely misses you. The worker ant bites you.
* * * LOW HITPOINT WARNING * * *
You scratch the worker ant.
You bite the worker ant, but do no damage.
The worker ant is lightly wounded.
The worker ant misses you.
You scratch the worker ant but do no damage.
The worker ant is lightly wounded.
The worker ant misses you.
You scratch the worker ant.
The worker ant is moderately wounded.
The worker ant bites you!
Ouch! That really hurt!
You die...

Action                   || total
-------------------------++-------
Melee: Unarmed           ||    11
       Bite              ||     1
Dodge: Dodged            ||    16

Levels and vault maps discovered:
D:4:      layout_basic, lemuel_doored_altar, minmay_manual_mares
D:5:      layout_basic, grunt_temple_overflow_forces_of_nature,
          old_standard_altar, kennysheep_mini_moat

Notes
Turn   | Place    | Note
-------+----------+-------------------------------------------
     0 | D:5      | Dracia the Felid Delver began the quest for the Orb.
     0 | D:5      | Reached XP level 1. HP: 10/10 MP: 2/2
    46 | D:4      | Noticed a worker ant
    53 | D:4      | Slain by a worker ant

Vanquished Creatures
  An orc (D:4)
1 creature vanquished.

Table legend: (Time is in decaauts)
 A = Elapsed time spent in this place.
 B = Non-inter-level travel time spent in this place.
 C = Inter-level travel time spent in this place.
 D = Time resting spent in this place.
 E = Time spent auto-exploring this place.
 F = Levels seen in this place.
 G = Mean time per level.
                   A        B        C        D        E       F      G
               +--------+--------+--------+--------+--------+-----+--------+
         Total |     44 |     44 |      0 |      0 |     17 |   2 |   22.0 |
       Dungeon |     44 |     44 |      0 |      0 |     17 |   2 |   22.0 |
               +--------+--------+--------+--------+--------+-----+--------+

Top non-repeatable levels by time:
     D:4: 42 daAuts
     D:5: 2 daAuts

Table legend:
 A = Non-vault XP
 B = Vault XP
 C = Vault XP percentage of total XP
 D = Non-vault monster count
 E = Vault monster count
 F = Vault count percentage of total count
                 A         B        C        D         E       F
            +---------+---------+-------+---------+---------+-------
      Total |       3 |       0 |   0.0 |       1 |       0 |   0.0
            +---------+---------+-------+---------+---------+-------
        D:4 |       3 |       0 |   0.0 |       1 |       0 |   0.0
            +---------+---------+-------+---------+---------+-------
